 Dungeon Crawl Stone Soup version 0.29-a0-575-g0dc89cf053 (webtiles) character file.

Game seed: 16070112544012513698

810 Zonian the Chiller (level 7, 0/32 HPs)
             Began as a Vine Stalker Ice Elementalist on June 12, 2022.
             Was an Initiate of Gozag.
             Slain by a white imp (1 damage)
             ... on level 6 of the Dungeon.
             The game lasted 00:12:27 (7338 turns).

Zonian the Chiller (Vine Stalker Ice Elementalist)  Turns: 7338, Time: 00:12:27

Health: 0/32       AC:  3    Str: 16    XL:     7   Next: 92%
Magic:  0/23       EV: 13    Int: 15    God:    Gozag
Gold:   374        SH:  0    Dex: 17    Spells: 10/14 levels left

rFire   . . .      SeeInvis .     - Unarmed
rCold   . . .      Faith    .   o - orb {light}
rNeg    . . .      Spirit   +   a - +0 robe
rPois   .          Reflect  .   (no helmet)
rElec   .          Harm     .   (no cloak)
rCorr   .          Rampage  .   (no gloves)
Will    .....                   d - +0 pair of boots
Stlth   ++........              (no amulet)
HPRegen 0.90/turn               b - +6 ring of strength
MPRegen 0.18/turn               g - ring of magical power

@: hasted, glowing, very quick
A: fangs 2, regeneration 1, magic shield, antimagic bite, no potion heal 2
a: Renounce Religion, Potion Petition, Call Merchant, Bribe Branch


You were on level 6 of the Dungeon.
You worshipped Gozag.
Gozag was aware of your devotion.
You visited 1 branch of the dungeon, and saw 6 of its levels.

You collected 604 gold pieces.
You paid 230 gold pieces to Gozag.

Inventory:

Hand Weapons
 e - a +0 dagger
 k - a +1 hunting sling
Armour
 a - a +0 robe (worn)
 d - a +0 pair of boots (worn)
 i - a +0 buckler
 o - an orb of light (worn)
Jewellery
 b - a +6 ring of strength (left hand)
 g - a ring of magical power (right hand)
 p - a +6 ring of intelligence
Wands
 c - a wand of polymorph (10)
 r - a wand of digging (6)
 s - a wand of mindburst (11)
Scrolls
 j - a scroll of poison
 m - 2 scrolls of torment
 q - 2 scrolls of identify
Potions
 f - 2 potions of mutation
 h - a potion of cancellation {unknown}
 l - a potion of curing {unknown}
 n - a potion of heal wounds


   Skills:
 + Level 3.6 Dodging
 + Level 5.5 Stealth
 + Level 3.1 Unarmed Combat
 + Level 4.4 Spellcasting
 + Level 5.5 Ice Magic


You had 10 spell levels left.
You knew the following spells:

 Your Spells              Type           Power      Damage    Failure   Level
a - Freeze                Ice            80%        1d9       1%          1
b - Frozen Ramparts       Ice            40%        1d6       5%          3

Your spell library contained the following spells:

 Spells                   Type           Power      Damage    Failure   Level
 Ozocubu's Armour         Ice            20%        N/A       5%          3
 Sandblast                Erth           6%         2d5       17%         1
 Ignite Poison            Fire/Tmut/Pois 3%         N/A       45%         3
 Mephitic Cloud           Conj/Pois/Air  3%         N/A       45%         3
 Hailstorm                Conj/Ice       11%        3d5       50%         4
 Animate Armour           Summ/Erth      6%         N/A       86%         4
 Freezing Cloud           Conj/Ice/Air   4%         6-21      92%         5
 Borgnjor's Vile Clutch   Necr/Erth      1%         N/A       99%         5


Dungeon Overview and Level Annotations

Branches:
Dungeon (6/15)
 Temple: D:4-7

Altars:
Gozag
Makhleb
Nemelex Xobeh
Sif Muna


Innate Abilities, Weirdness & Mutations

You have extremely sharp teeth.
Your natural rate of healing is unusually fast.
When hurt, damage is shared between your health and your magic reserves.
Your bite disrupts and absorbs the magic of your enemies.
Potions cannot restore your health.


Message History

The iguana is moderately wounded.
The white imp gestures at you. The puff of frost hits you!
The iguana closely misses you.
Unknown command.
You hit the iguana.
The iguana is moderately wounded.
The white imp gestures at you. The puff of frost hits you!
The iguana closely misses you.
You hit the iguana but do no damage.
The iguana is moderately wounded.
The white imp disappears for a moment.
The white imp hits you but does no damage.
The iguana misses you.
Unknown command.
You hit the iguana. You bite the iguana, but do no damage.
The iguana is heavily wounded.
The white imp gestures at you. The puff of frost hits you!
The iguana barely misses you.
You hit the iguana. You bite the iguana. You drain its power.
You feel invigorated.
The iguana is severely wounded.
The white imp closely misses you. The iguana bites you!
* * * LOW HITPOINT WARNING * * *
Unknown command.
Okay, then. [a] - 850 gold - heal wounds, berserk rage, resistance, might and haste [b] - 230 gold - haste [c] - 650 gold - heal wounds, curing, magic and resistance Purchase which effect?
You don't have enough gold for that! [a] - 850 gold - heal wounds, berserk rage, resistance, might and haste [b] - 230 gold - haste [c] - 650 gold - heal wounds, curing, magic and resistance Purchase which effect?
You no longer have enough gold to petition Gozag for potion effects.
You feel yourself speed up. The iguana bites you!
* * * LOW HITPOINT WARNING * * *
The white imp hits you.
You die...
Your body crumbles into a pile of gold.

#.# ...# ## ### #.###
...# . ..
..###.#.######...#.#
..###.##................
...##.##................
...##.##.#..............
...##<##.##.####........
......#..##.# #l#....##
##.####.###.# #@#....#
.....##)# #.# #5# ...#
##.#.##.###.# #h. ..l#
#..........# ###. ....
###.##.##### #..##.
####.##.# .. ........#
.. ######### ##


You could see an iguana, a hound and a white imp.

Vanquished Creatures
  Duvessa (D:4)
  A black bear (D:4)
  A centaur (D:4)
  4 scorpions
  Dowan (D:4)
  A hound (D:3)
  2 iguanas
  2 orc wizards (D:3)
  3 adders (D:2)
  A worm (D:3)
  4 dart slugs
  10 orcs
  10 ball pythons
  2 endoplasms (D:1)
  9 goblins
  4 hobgoblins
  3 jackals (D:2)
  2 quokkas
  8 bats
  4 frilled lizards
  5 kobolds
  9 rats
87 creatures vanquished.

Notes
Turn   | Place    | Note
-------+----------+-------------------------------------------
     0 | D:1      | Zonian the Vine Stalker Ice Elementalist began the quest
                  | for the Orb.
     0 | D:1      | Reached XP level 1. HP: 9/9 MP: 4/4
   195 | D:1      | Reached XP level 2. HP: 5/13 MP: 3/6
   811 | D:1      | Got the Almanac of the Mountains
  1418 | D:1      | Reached XP level 3. HP: 14/16 MP: 5/7
  1956 | D:2      | Found a faded altar of an unknown god.
  1988 | D:2      | Prayed at the altar of an unknown god.
  1988 | D:2      | Became a worshipper of Gozag Ym Sagoz the Greedy
  2727 | D:2      | Gained mutation: Your natural rate of healing is unusually
                  | fast. [Vine Stalker growth]
  2727 | D:2      | Reached XP level 4. HP: 16/21 MP: 4/9
  3095 | D:3      | Reached skill level 1 in Unarmed Combat
  3095 | D:3      | Reached XP level 5. HP: 22/24 MP: 8/10
  3647 | D:3      | Reached XP level 6. HP: 15/28 MP: 6/12
  4505 | D:4      | Noticed Dowan
  4506 | D:4      | Noticed Duvessa
  4807 | D:4      | Killed Duvessa
  4808 | D:4      | Reached skill level 5 in Ice Magic
  4955 | D:4      | Noticed a black bear
  5022 | D:4      | Found a burning altar of Makhleb.
  5314 | D:4      | Killed a black bear
  5315 | D:4      | Reached XP level 7. HP: 24/32 MP: 13/13
  5366 | D:4      | Killed Dowan
  5478 | D:4      | Reached skill level 5 in Stealth
  5613 | D:4      | Learned a level 3 spell: Frozen Ramparts
  5913 | D:4      | Found a sparkling altar of Nemelex Xobeh.
  6169 | D:4      | Found a shimmering blue altar of Sif Muna.
  6242 | D:5      | Entered Level 5 of the Dungeon
  7338 | D:6      | HP: 1/32 [iguana (6)]
  7338 | D:6      | Slain by a white imp

Illustrated notes

Levels and vault maps discovered:
D:1:      ncdulo_halloftheorcs, layout_basic
D:2:      layout_basic, hellmonk_ecumenical_altar_zigzags
D:3:      layout_basic
D:4:      layout_basic, lemuel_crystal_altar,
          mainiacjoe_overflow_six_doors_small, nicolae_sif_muna_condensation,
          minmay_misc_feat_room, uniq_duvessa
D:5:      layout_gridville
D:6:      layout_loops_cross, temple_fountains, gammafunk_ghost_hive,
          st_stairs_2, lightli_church_of_beogh

Skill      XL: |  1  2  3  4  5  6  7 |
---------------+----------------------+-----
Stealth        | 3 4 5 |  5.5
Dodging        | 2 3 |  3.6
Spellcasting   | 3 4 |  4.4
Unarmed Combat | 1 2 3 |  3.1
Ice Magic      | 5 |  5.5

Action                   |  1- 3 |  4- 6 |  7- 9 || total
-------------------------+-------+-------+-------++-------
Melee: Unarmed           |   152 |   162 |    84 ||   398
       Bite              |    32 |    60 |    43 ||   135
       Punch             |     1 |       |       ||     1
 Cast: Freeze            |    10 |     5 |       ||    15
Invok: Potion Petition   |       |       |     1 ||     1
  Use: Potion            |     1 |     1 |       ||     2
       Scroll            |       |     6 |     4 ||    10
 Stab: Sleeping          |     8 |     5 |     1 ||    14
       Distracted        |       |     1 |       ||     1
Armor: Robe              |    34 |    29 |    13 ||    76
Dodge: Dodged            |   105 |   111 |    41 ||   257
Block: Buckler           |    15 |    17 |       ||    32

Table legend: (Time is in decaauts)
 A = Elapsed time spent in this place.
 B = Non-inter-level travel time spent in this place.
 C = Inter-level travel time spent in this place.
 D = Time resting spent in this place.
 E = Time spent auto-exploring this place.
 F = Levels seen in this place.
 G = Mean time per level.
                   A        B        C        D        E       F      G
               +--------+--------+--------+--------+--------+-----+--------+
         Total |   7349 |   7100 |    249 |   2898 |   2982 |   6 | 1224.8 |
       Dungeon |   7349 |   7100 |    249 |   2898 |   2982 |   6 | 1224.8 |
               +--------+--------+--------+--------+--------+-----+--------+

Top non-repeatable levels by time:
     D:3: 1977 daAuts
     D:1: 1530 daAuts
     D:2: 1382 daAuts
     D:4: 1365 daAuts
     D:5: 1030 daAuts
     D:6: 62 daAuts
